 Dungeon Crawl Stone Soup version 0.24.0-1-gfbc8707122 (webtiles) character file.

Game seed: 13832072486252355668, levelgen mode: deterministic

83 Esekla the Ducker (level 4, -3/30 HPs)
             Began as an Octopode Warper on Oct 28, 2019.
             Slain by Sigmund
             ... wielding a +0 scythe
              (16 damage)
             ... on level 3 of the Dungeon.
             The game lasted 00:12:49 (1675 turns).

Esekla the Ducker (Octopode Warper)                 Turns: 1675, Time: 00:12:49

Health: -3/30      AC:  1    Str: 10    XL:     4   Next: 44%
Magic:  7/7        EV: 14    Int: 15    God:
Gold:   127        SH:  0    Dex: 12    Spells: 3/7 levels left

rFire    . . .     SeeInvis .   a - +1 falchion
rCold    . . .     Gourm    .   (no shield)
rNeg     . . .     Faith    .   (helmet restricted)
rPois    .         Spirit   .   (no amulet)
rElec    .         Reflect  .   b - +3 ring of slaying
rCorr    .         Harm     .   (no ring)
MR       .....                  (no ring)
Stlth    ++........             (no ring)
HPRegen  0.10/turn              (no ring)
MPRegen  0.10/turn              (no ring)
                                (no ring)
                                (no ring)

@: no status effects
A: almost no armour, stealthy swim, amphibious, 8 rings, constrict 8, camouflage
1, gelatinous body 1
a: no special abilities


You were on level 3 of the Dungeon.
You were not hungry.

You visited 1 branch of the dungeon, and saw 3 of its levels.

You collected 127 gold pieces.

Inventory:

Hand Weapons
 a - a +1 falchion (weapon)
 s - a +0 dagger
Missiles
 d - 5 boomerangs of dispersal
 k - 13 poisoned darts (quivered)
Jewellery
 b - a +3 ring of slaying (left tentacle)
Scrolls
 c - a scroll of blinking
 e - a scroll of remove curse
 o - a scroll of magic mapping {unknown}
 p - a scroll of enchant weapon
 q - a scroll of enchant armour {unknown}
Potions
 g - 2 potions of haste {unknown}
 i - a potion of resistance {unknown}
 l - a potion of magic {unknown}
 m - a potion of invisibility {unknown}
 n - 3 potions of flight
 r - a potion of heal wounds {unknown}
Comestibles
 f - 5 rations


   Skills:
 * Level 2.7 Fighting
 * Level 2.8 Long Blades
 - Level 1.0 Throwing
 * Level 3.3 Dodging
 + Level 2.2 Spellcasting
 * Level 0.8 Charms
 - Level 3.0 Translocations


You had 3 spell levels left.
You knew the following spells:

 Your Spells              Type           Power        Failure   Level  Hunger
a - Shroud of Golubria    Chrm/Tloc      #.....       16%         2    ###....
b - Blink                 Tloc           N/A          10%         2    ###....

Your spell library contained the following spells:

 Spells                   Type           Power        Failure   Level  Hunger
 Gell's Gravitas          Tloc           ##........   19%         3    ###....
 Lesser Beckoning         Tloc           ##........   19%         3    ###....
 Teleport Other           Tloc           ##......     19%         3    ###....
 Beastly Appendage        Tmut           #.....       22%         1    #......
 Sticks to Snakes         Tmut           #.......     32%         2    ###....
 Spider Form              Tmut/Pois      #.........   54%         3    ###....
 Passage of Golubria      Tloc           N/A          54%         4    #####..
 Ice Form                 Ice/Tmut       #.......     91%         4    #####..
 Blade Hands              Tmut           #.........   99%         5    ######.


Dungeon Overview and Level Annotations

Branches:
Dungeon (3/15)

Altars:

Annotations:
D:3 Sigmund


Innate Abilities, Weirdness & Mutations

You cannot wear most types of armour.
You are very stealthy in the water. (Stealth+)
You are amphibious.
You can wear up to eight rings at the same time.
You can use your tentacles to constrict eight enemies at once.
Your skin changes colour to match your surroundings (Stealth+).
Your rubbery body absorbs attacks. (AC +1, EV +1)


Message History

Throwing (i - inventory. (/) - cycle)
k - 14 poisoned darts (quivered)
Press: ? - help, Shift-Dir - straight line, f/p - Sigmund
Aim: Sigmund, wielding a +0 scythe and wearing a +0 robe You throw a poisoned dart.
The poisoned dart hits Sigmund.
Sigmund is poisoned.
Sigmund mumbles some strange words.
Sigmund flickers and vanishes!
Deactivating autopickup; reactivate with Ctrl-A.
You open the door.
Your shroud unravels.
Found a green potion.
There is an open door here.
You close the door.
Something unseen opens the door.
Something hits you.
You miss something. Something hits you!
You closely miss something. You closely miss something. Something hits you.
You hit something. Something hits you.
You hit something. Your squeeze misses something. Something hits you!
Ouch! That really hurt!
You die...

######......{...........#
.......(#####...........#
###+##..{...#...........#
##8.8##.#.....).........#
#.....###.#.##......#.#.#
8.....8##.#.##..#####.#
........###.##....
........8#.....####
...!....@{.#####
........8### ........##
8.....8## #.....# ##8.8#
##+#


There were no monsters in sight!

Vanquished Creatures
  4 adders (D:2)
  A dart slug (D:1)
  A leopard gecko (D:2)
  8 bats
  A giant cockroach (D:2)
  6 goblins
  4 hobgoblins
  4 jackals (D:1)
  3 kobolds
  3 frilled lizards
  10 rats
45 creatures vanquished.

Notes
Turn   | Place    | Note
-------+----------+-------------------------------------------
     0 | D:1      | Esekla the Octopode Warper began the quest for the Orb.
     0 | D:1      | Reached XP level 1. HP: 14/14 MP: 3/3
    71 | D:1      | Reached XP level 2. HP: 19/19 MP: 5/5
    78 | D:1      | Learned a level 2 spell: Shroud of Golubria
    81 | D:1      | Learned a level 2 spell: Blink
   537 | D:1      | Reached XP level 3. HP: 25/25 MP: 6/6
   905 | D:2      | Reached XP level 4. HP: 25/30 MP: 7/7
  1629 | D:3      | Noticed Sigmund
  1675 | D:3      | Slain by Sigmund

Levels and vault maps discovered:
D:1:      minmay_arrival_split_and_join, layout_rooms,
          roderic_nine_men_s_morris, minmay_pentomino_t2
D:2:      layout_basic
D:3:      layout_basic, portal_sewer_entry_d, dk_noncrumbling_4, uniq_natasha,
          uniq_robin, uniq_sigmund

Skill      XL: |  1  2 |
---------------+-------+-----
Dodging        | 3 |  3.3
Fighting       | |  2.7
Long Blades    | |  2.8
Throwing       | |  1.0
Spellcasting   | |  2.2
Charms         | |  0.8
Translocations | |  3.0

Action                   |  1- 3 |  4- 6 || total
-------------------------+-------+-------++-------
Melee: Falchion          |    58 |    19 ||    77
       Constrict         |    18 |     3 ||    21
       Tentacles         |     5 |     4 ||     9
Throw: Dart              |       |     2 ||     2
 Cast: Shroud of Golubri |     2 |     4 ||     6
  Use: Scroll            |       |     5 ||     5
 Stab: Sleeping          |     5 |     1 ||     6
  Eat: Ration            |       |     1 ||     1
       Chunk             |       |     1 ||     1
Armor: Skin              |     3 |       ||     3
Dodge: Dodged            |    46 |     2 ||    48
       Rpst.: Falchion   |    13 |     1 ||    14
